TOP OF THE 1ST |
Los Angeles Dodgers batting - Pitching for Colorado Rockies : RHP Steven Wright
|
Pitching: RHP Steven Wright
|
|
Batting: RHB Mookie Betts
|
0-0: Foul Ball, location: 2F 0-1: Ball 1-1: DOUBLE (Flyball, 8LXD, EV 94.4 MPH)
|
Batting: LHB Ji-man Choi
|
0-0: Swinging Strike 0-1: Ball 1-1: Ball 2-1: Foul Ball, location: 2F 2-2: Ball 3-2: Base on Balls
|
Batting: LHB Michael Brantley
|
0-0: Ball 1-0: Called Strike 1-1: Fly out, F7 (Flyball, 7LM, EV 85.6 MPH)
|
Batting: SHB Eduardo Escobar
|
0-0: Ball 1-0: SINGLE (Flyball, 34D, EV 83.8 MPH) Mookie Betts to third Ji-man Choi to second
|
Batting: RHB Jonathan Schoop
|
0-0: Ball 1-0: Foul Ball, location: 2F 1-1: Ball 2-1: Foul Ball, location: 2F 2-2: DOUBLE (Line Drive, 78D, EV 111.3 MPH) Mookie Betts scores Ji-man Choi scores Eduardo Escobar to third Runner from 3rd tries for Home, SAFE, no throw by CF
|
Batting: RHB Randal Grichuk
|
0-0: Ball 1-0: Ground out 6-3 (Groundball, 6, EV 90.0 MPH)
|
Batting: LHB Dom Nunez
|
0-0: Ball 1-0: Swinging Strike 1-1: Ball 2-1: Foul Ball, location: 2F 2-2: Ball 3-2: Base on Balls
|
Batting: SHB Richard Urena
|
0-0: Ball 1-0: Ball 2-0: Ball 3-0: Called Strike 3-1: Called Strike 3-2: Fly out, F5 (Popup, 25F, EV 91.3 MPH)
|
Top of the 1st over - 3 runs, 3 hits, 0 errors, 2 left on base; Los Angeles 3 - Colorado 0 |
BOTTOM OF THE 1ST |
Colorado Rockies batting - Pitching for Los Angeles Dodgers : RHP Marcus Stroman
|
Pitching: RHP Marcus Stroman
|
|
Batting: RHB Christian Lopes
|
0-0: Ball 1-0: SOLO HOME RUN (Flyball, 78XD, EV 103.8 MPH), Distance : 407 ft
|
Batting: SHB Victor Reyes
|
0-0: Foul Ball, location: 2F 0-1: SINGLE (Line Drive, 7S, EV 93.8 MPH)
|
Batting: LHB Shohei Ohtani
|
0-0: Ball 1-0: Swinging Strike 1-1: Fielders Choice at 2nd, 4-6 (Groundball, 4M, EV 85.0 MPH)
|
Batting: LHB Josh VanMeter
|
0-0: Called Strike 0-1: Foul Ball, location: 2F 0-2: Foul Ball, location: 2F 0-2: Ball 1-2: SINGLE (Groundball, 34D, EV 106.3 MPH) Shohei Ohtani to second Runner from 2nd tries for 3rd, SAFE, throw by RF made to third
|
Batting: RHB Michael Brosseau
|
0-0: Ball 1-0: Ball 2-0: Fly out, F6 (Flyball, 5D, EV 71.9 MPH)
|
Batting: RHB Orlando Arcia
|
0-0: Called Strike 0-1: Ball 1-1: Ball 2-1: Ball 3-1: Fly out, F7 (Flyball, 7, EV 90.6 MPH)
|
Bottom of the 1st over - 1 run, 3 hits, 0 errors, 2 left on base; Los Angeles 3 - Colorado 1 |
TOP OF THE 2ND |
Los Angeles Dodgers batting - Pitching for Colorado Rockies : RHP Steven Wright
|
Batting: RHB Marcus Stroman
|
0-0: Called Strike 0-1: Swinging Strike 0-2: Ball 1-2: Strikes out looking
|
Batting: RHB Mookie Betts
|
0-0: DOUBLE (Line Drive, 5D, EV 105.6 MPH)
|
Batting: LHB Ji-man Choi
|
0-0: Ball 1-0: Foul Ball, location: 2F 1-1: Foul Ball, location: 2F 1-2: Ball 2-2: Hit by Pitch
|
Batting: LHB Michael Brantley
|
0-0: Ball 1-0: Called Strike 1-1: Grounds into double play, 6-4-3 (Groundball, 6M, EV 105.0 MPH)
|
Top of the 2nd over - 0 runs, 1 hit, 0 errors, 1 left on base; Los Angeles 3 - Colorado 1 |
BOTTOM OF THE 2ND |
Colorado Rockies batting - Pitching for Los Angeles Dodgers : RHP Marcus Stroman
|
Batting: LHB CJ Alexander
|
0-0: Foul Ball, location: 2F 0-1: Called Strike 0-2: Foul Ball, location: 2F 0-2: Foul Ball, location: 2F 0-2: Strikes out looking
|
Batting: RHB Jake Rogers
|
0-0: Ball 1-0: Ball 2-0: Foul Ball, location: 2F 2-1: Foul Ball, location: 2F 2-2: Foul Ball, location: 2F 2-2: Ball 3-2: Foul Ball, location: 2F 3-2: Ground out U3 (Groundball, 3S, EV 65.0 MPH)
|
Batting: RHB Steven Wright
|
0-0: Swinging Strike 0-1: Ball 1-1: Ball 2-1: Foul Ball, location: 2F 2-2: Strikes out swinging
|
Bottom of the 2nd over - 0 runs, 0 hits, 0 errors, 0 left on base; Los Angeles 3 - Colorado 1 |
TOP OF THE 3RD |
Los Angeles Dodgers batting - Pitching for Colorado Rockies : RHP Steven Wright
|
Batting: SHB Eduardo Escobar
|
0-0: Foul Ball, location: 2F 0-1: Foul Ball, location: 2F 0-2: Ball 1-2: Strikes out swinging
|
Batting: RHB Jonathan Schoop
|
0-0: Ball 1-0: Ball 2-0: Ball 3-0: Fly out, F9 (Flyball, 9LM, EV 78.1 MPH)
|
Batting: RHB Randal Grichuk
|
0-0: Fly out, F7 (Flyball, 7LD, EV 97.5 MPH)
|
Top of the 3rd over - 0 runs, 0 hits, 0 errors, 0 left on base; Los Angeles 3 - Colorado 1 |
BOTTOM OF THE 3RD |
Colorado Rockies batting - Pitching for Los Angeles Dodgers : RHP Marcus Stroman
|
Batting: RHB Christian Lopes
|
0-0: Ground out 6-3 (Groundball, 6M, EV 93.1 MPH)
|
Batting: SHB Victor Reyes
|
0-0: Ball 1-0: Ground out 5-3 (Groundball, 56S, EV 94.4 MPH)
|
Batting: LHB Shohei Ohtani
|
0-0: Ball 1-0: Ball 2-0: Swinging Strike 2-1: Ground out 6-3 (Groundball, 6, EV 86.9 MPH)
|
Bottom of the 3rd over - 0 runs, 0 hits, 0 errors, 0 left on base; Los Angeles 3 - Colorado 1 |
TOP OF THE 4TH |
Los Angeles Dodgers batting - Pitching for Colorado Rockies : RHP Steven Wright
|
Batting: LHB Dom Nunez
|
0-0: Foul Ball, location: 2F 0-1: Foul Ball, location: 2F 0-2: Ball 1-2: Ground out 4-3 (Groundball, 34D, EV 76.9 MPH)
|
Batting: SHB Richard Urena
|
0-0: Ball 1-0: Ball 2-0: Called Strike 2-1: Ball 3-1: Swinging Strike 3-2: Foul Ball, location: 2F 3-2: Strikes out swinging
|
Batting: RHB Marcus Stroman
|
0-0: Ball 1-0: SINGLE (Groundball, 6MD, EV 102.5 MPH)
|
Batting: RHB Mookie Betts
|
0-0: Ball 1-0: Ball 2-0: Called Strike 2-1: Foul Ball, location: 2F 2-2: Ball 3-2: Ground out 5-3 (Groundball, 56S, EV 71.9 MPH)
|
Top of the 4th over - 0 runs, 1 hit, 0 errors, 1 left on base; Los Angeles 3 - Colorado 1 |
BOTTOM OF THE 4TH |
Colorado Rockies batting - Pitching for Los Angeles Dodgers : RHP Marcus Stroman
|
Batting: LHB Josh VanMeter
|
0-0: Ball 1-0: Called Strike 1-1: Foul Ball, location: 2F 1-2: Foul Ball, location: 2F 1-2: Strikes out swinging
|
Batting: RHB Michael Brosseau
|
0-0: Ball 1-0: Ball 2-0: Ball 3-0: Called Strike 3-1: Ground out 4-3 (Groundball, 4, EV 87.5 MPH)
|
Batting: RHB Orlando Arcia
|
0-0: Swinging Strike 0-1: Ball 1-1: Ground out 6-3 (Groundball, 4M, EV 95.6 MPH)
|
Bottom of the 4th over - 0 runs, 0 hits, 0 errors, 0 left on base; Los Angeles 3 - Colorado 1 |
TOP OF THE 5TH |
Los Angeles Dodgers batting - Pitching for Colorado Rockies : RHP Steven Wright
|
Batting: LHB Ji-man Choi
|
0-0: Fly out, F9 (Flyball, 9LD, EV 101.3 MPH)
|
Batting: LHB Michael Brantley
|
0-0: Called Strike 0-1: Ball 1-1: Foul Ball, location: 2F 1-2: Fly out, F8 (Line Drive, 8LM, EV 94.4 MPH)
|
Batting: SHB Eduardo Escobar
|
0-0: Ball 1-0: Swinging Strike 1-1: Ball 2-1: Swinging Strike 2-2: Foul Ball, location: 2F 2-2: Ball 3-2: Foul Ball, location: 2F 3-2: Strikes out swinging
|
Top of the 5th over - 0 runs, 0 hits, 0 errors, 0 left on base; Los Angeles 3 - Colorado 1 |
BOTTOM OF THE 5TH |
Colorado Rockies batting - Pitching for Los Angeles Dodgers : RHP Marcus Stroman
|
Batting: LHB CJ Alexander
|
0-0: Ball 1-0: Ball 2-0: Foul Ball, location: 2F 2-1: Called Strike 2-2: Ball 3-2: Base on Balls
|
Batting: RHB Jake Rogers
|
0-0: Ball 1-0: Fly out, F8 (Flyball, 8LD, EV 105.0 MPH)
|
Batting: RHB Steven Wright
|
0-0: Called Strike CJ Alexander steals 2nd base 0-1: Called Strike 0-2: SINGLE (Groundball, 4D, EV 105.6 MPH) CJ Alexander to third Runner from 3rd tries for Home, SAFE, throw by CF to home
|
Batting: RHB Christian Lopes
|
0-0: Ball 1-0: Ball 2-0: DOUBLE (Groundball, 3L, EV 103.1 MPH) Steven Wright to third
|
Batting: SHB Victor Reyes
|
0-0: Called Strike 0-1: Ball 1-1: SINGLE (Line Drive, 5, EV 95.0 MPH) Steven Wright scores Christian Lopes to third
|
Batting: LHB Shohei Ohtani
|
0-0: Ground out 5-3 (Groundball, 56, EV 107.5 MPH) Victor Reyes to second
|
Batting: LHB Josh VanMeter
|
0-0: Called Strike 0-1: Fly out, F8 (Flyball, 78M, EV 87.5 MPH)
|
Bottom of the 5th over - 2 runs, 3 hits, 0 errors, 2 left on base; Los Angeles 3 - Colorado 3 |
TOP OF THE 6TH |
Los Angeles Dodgers batting - Pitching for Colorado Rockies : RHP Steven Wright
|
Batting: RHB Jonathan Schoop
|
0-0: Swinging Strike 0-1: Ball 1-1: Ground out 5-3 (Groundball, 56S, EV 91.3 MPH)
|
Batting: RHB Randal Grichuk
|
0-0: Ball 1-0: Ground out 6-3 (Groundball, 6, EV 94.4 MPH)
|
Batting: LHB Dom Nunez
|
0-0: Ball 1-0: Ball 2-0: SINGLE (Groundball, 6MD, EV 104.4 MPH)
|
Batting: SHB Richard Urena
|
0-0: Ground out U3 (Groundball, 3S, EV 90.0 MPH)
|
Top of the 6th over - 0 runs, 1 hit, 0 errors, 1 left on base; Los Angeles 3 - Colorado 3 |
BOTTOM OF THE 6TH |
Colorado Rockies batting - Pitching for Los Angeles Dodgers : RHP Marcus Stroman
|
Batting: RHB Michael Brosseau
|
0-0: Called Strike 0-1: Ball 1-1: Ball 2-1: Ball 3-1: Base on Balls
|
Batting: RHB Orlando Arcia
|
0-0: Sac Bunt to 2R - play at first, batter OUT! 2-4 Michael Brosseau to second
|
Batting: LHB CJ Alexander
|
0-0: Ball 1-0: Called Strike 1-1: Ball 2-1: Foul Ball, location: 2F 2-2: SINGLE (Line Drive, 5D, EV 99.4 MPH) Michael Brosseau to third Runner from 3rd tries for Home, SAFE, throw by LF to home
|
Batting: RHB Jake Rogers
|
0-0: Ball 1-0: Ball 2-0: Ball 3-0: Called Strike 3-1: SINGLE (Flyball, 8LS, EV 92.5 MPH) CJ Alexander to second
|
Batting: RHB Steven Wright
|
0-0: Ground out U3 (Groundball, 3, EV 96.9 MPH) CJ Alexander to third Jake Rogers to second
|
Batting: RHB Christian Lopes
|
0-0: Ball 1-0: Ground out 5-3 (Groundball, 56S, EV 90.6 MPH)
|
Bottom of the 6th over - 1 run, 2 hits, 0 errors, 2 left on base; Los Angeles 3 - Colorado 4 |
TOP OF THE 7TH |
Los Angeles Dodgers batting - Pitching for Colorado Rockies : RHP Steven Wright
|
Pinch Hitting: LHB Brett Gardner
|
0-0: Ball 1-0: Ball 2-0: Foul Ball, location: 2F 2-1: Foul Ball, location: 2F 2-2: Ball 3-2: Foul Ball, location: 2F 3-2: Foul Ball, location: 2F 3-2: Base on Balls
|
Pitching: LHP Jeffrey Springs
|
|
Batting: RHB Mookie Betts
|
0-0: Ball 1-0: Ground out 5-3 (Groundball, 6S, EV 71.9 MPH) Brett Gardner to second
|
Batting: LHB Ji-man Choi
|
0-0: Foul Ball, location: 2F 0-1: Called Strike 0-2: Foul Ball, location: 2F 0-2: SINGLE (Line Drive, 56D, EV 105.0 MPH) Brett Gardner to third
|
Batting: LHB Michael Brantley
|
0-0: Ball 1-0: Called Strike 1-1: Foul Ball, location: 2F 1-2: Foul Ball, location: 2F 1-2: Foul Ball, location: 2F 1-2: Ball 2-2: Ball 3-2: Foul Ball, location: 2F 3-2: Base on Balls Ji-man Choi to second
|
Batting: SHB Eduardo Escobar
|
0-0: Called Strike 0-1: Ball 1-1: Fly out, F7 (Flyball, 7, EV 76.9 MPH) Runner from 3rd tags up, SCORES, no throw by LF
|
Batting: RHB Jonathan Schoop
|
0-0: Called Strike 0-1: Ball 1-1: Foul Ball, location: 2F 1-2: Strikes out swinging
|
Top of the 7th over - 1 run, 1 hit, 0 errors, 2 left on base; Los Angeles 4 - Colorado 4 |
BOTTOM OF THE 7TH |
Colorado Rockies batting - Pitching for Los Angeles Dodgers : RHP Marcus Stroman
|
Pitching: RHP Luis A. Garcia
|
|
Batting: SHB Victor Reyes
|
0-0: Ball 1-0: Foul Ball, location: 2F 1-1: Ball 2-1: Called Strike 2-2: SINGLE (Groundball, 6D, EV 97.5 MPH)
|
Batting: LHB Shohei Ohtani
|
0-0: Called Strike Victor Reyes steals 2nd base 0-1: Ball 1-1: Intentional Walk
|
Batting: LHB Josh VanMeter
|
0-0: Ball 1-0: SINGLE (Flyball, 5D, EV 96.3 MPH) Victor Reyes to third Shohei Ohtani to second
|
Batting: RHB Michael Brosseau
|
0-0: Called Strike 0-1: Ball 1-1: Called Strike 1-2: Ball 2-2: Strikes out swinging
|
Batting: RHB Orlando Arcia
|
0-0: Foul Ball, location: 2F 0-1: Ball 1-1: Ball 2-1: Called Strike 2-2: SINGLE (Groundball, 34D, EV 106.9 MPH) Victor Reyes scores Shohei Ohtani to third Josh VanMeter to second Runner from 3rd tries for Home, SAFE, throw by RF to home
|
Batting: LHB CJ Alexander
|
0-0: Called Strike 0-1: Ball 1-1: SINGLE (Groundball, 34D, EV 105.6 MPH) Josh VanMeter to third Orlando Arcia to second Runner from 3rd tries for Home, SAFE, throw by RF to home
|
Batting: RHB Jake Rogers
|
0-0: Reached on error, E4 (Groundball, 4, EV 87.5 MPH) Orlando Arcia to third CJ Alexander to second
|
Pinch Hitting: RHB Miguel Cabrera
|
0-0: Ball 1-0: Swinging Strike 1-1: DOUBLE (Line Drive, 78M, EV 105.6 MPH) Orlando Arcia scores CJ Alexander scores Jake Rogers to third Runner from 3rd tries for Home, SAFE, no throw by CF
|
Pitching: RHP Phil Maton
|
|
Batting: RHB Christian Lopes
|
0-0: Called Strike 0-1: Foul Ball, location: 2F 0-2: Ball 1-2: Strikes out swinging
|
Batting: SHB Victor Reyes
|
0-0: Called Strike 0-1: Called Strike 0-2: Strikes out looking
|
Bottom of the 7th over - 6 runs, 5 hits, 1 error, 1 left on base; Los Angeles 4 - Colorado 10 |
TOP OF THE 8TH |
Los Angeles Dodgers batting - Pitching for Colorado Rockies : LHP Jeffrey Springs
|
Pitching: RHP Will Harris
|
|
Batting: RHB Randal Grichuk
|
0-0: Called Strike 0-1: Called Strike 0-2: Strikes out swinging
|
Batting: LHB Dom Nunez
|
0-0: Ball 1-0: Called Strike 1-1: Ball 2-1: Foul Ball, location: 2F 2-2: Reached on error, E6 (Groundball, 6M, EV 105.6 MPH)
|
Batting: SHB Richard Urena
|
0-0: Ball 1-0: SINGLE (Flyball, 4D, EV 95.0 MPH) Dom Nunez to third
|
Pinch Hitting: RHB Jesus Aguilar
|
0-0: Ball 1-0: Foul Ball, location: 2F 1-1: Grounds into double play, 4-6-3 (Groundball, 4MD, EV 87.5 MPH)
|
Top of the 8th over - 0 runs, 1 hit, 1 error, 1 left on base; Los Angeles 4 - Colorado 10 |
BOTTOM OF THE 8TH |
Colorado Rockies batting - Pitching for Los Angeles Dodgers : RHP Phil Maton
|
Pitching: RHP Jordan Guerrero
|
|
Batting: LHB Shohei Ohtani
|
0-0: Ground out 5-3 (Groundball, 25, EV 85.6 MPH)
|
Batting: LHB Josh VanMeter
|
0-0: Ball 1-0: Ground out 5-3 (Groundball, 56S, EV 71.3 MPH)
|
Batting: RHB Michael Brosseau
|
0-0: Foul Ball, location: 2F 0-1: SINGLE (Groundball, P, EV 84.4 MPH) (infield hit)
|
Batting: RHB Orlando Arcia
|
0-0: Called Strike 0-1: Called Strike 0-2: Ball 1-2: Foul Ball, location: 2F 1-2: Ground out 6-3 (Groundball, 56, EV 102.5 MPH)
|
Bottom of the 8th over - 0 runs, 1 hit, 0 errors, 1 left on base; Los Angeles 4 - Colorado 10 |
TOP OF THE 9TH |
Los Angeles Dodgers batting - Pitching for Colorado Rockies : RHP Will Harris
|
Batting: RHB Mookie Betts
|
0-0: Called Strike 0-1: Foul Ball, location: 2F 0-2: DOUBLE (Popup, 5D, EV 58.1 MPH)
|
Batting: LHB Ji-man Choi
|
0-0: Ball 1-0: Ground out 4-3 (Groundball, 4, EV 98.8 MPH) Mookie Betts to third
|
Batting: LHB Michael Brantley
|
0-0: 2-RUN HOME RUN (Flyball, 89XD, EV 99.4 MPH), Distance : 452 ft
|
Batting: SHB Eduardo Escobar
|
0-0: Swinging Strike 0-1: Called Strike 0-2: Ball 1-2: Strikes out swinging
|
Batting: RHB Jonathan Schoop
|
0-0: Called Strike 0-1: Called Strike 0-2: Strikes out looking
|
Top of the 9th over - 2 runs, 2 hits, 0 errors, 0 left on base; Los Angeles 6 - Colorado 10 |
|